 Dungeon Crawl Stone Soup version 0.31-a0-441-g867994ef1c (webtiles) character file.

Game seed: 11466062876940213380

268 randomguy2701 the Gusty (level 6, -1/33 HPs)
             Began as a Tengu Air Elementalist on Aug 2, 2023.
             Killed from afar by an orc wizard (13 damage)
             ... with a puff of flame
             ... on level 4 of the Dungeon.
             The game lasted 00:04:49 (3973 turns).

randomguy2701 the Gusty (Tengu Air Elementalist)    Turns: 3973, Time: 00:04:52

Health: -1/33      AC:  2    Str:  8    XL:     6   Next: 21%
Magic:  1/12       EV: 15    Int: 18    God:
Gold:   145        SH:  0    Dex: 14    Spells: 11/12 levels left

rFire   . . .        f - +0 spear
rCold   . . .        (no shield)
rNeg    . . .        a - +0 robe
rPois   .            (helmet restricted)
rElec   .            (no cloak)
rCorr   .            (no gloves)
SInv    .            (boots unavailable)
Will    .....        (no amulet)
Stlth   ++           (no ring)
HPRegen 0.25/turn    (no ring)
MPRegen 0.13/turn

%: no passive effects
@: flying quickly and evasively, quick
A: beak, talons 3, nimble flight
a: no special abilities


You were on level 4 of the Dungeon.
You visited 1 branch of the dungeon, and saw 4 of its levels.

You collected 145 gold pieces.

Inventory:

Hand Weapons
 f - a +0 spear (weapon)
 k - a +1 rapier of venom
Armour
 a - a +0 robe (worn)
Jewellery
 e - a ring of ice
Scrolls
 c - 2 scrolls of identify {unknown}
 d - 2 scrolls of poison {unknown}
 g - a scroll of amnesia {unknown}
 i - a scroll of blinking {unknown}
Potions
 b - a potion of magic
 h - a potion of curing {unknown}
 j - a potion of brilliance {unknown}


   Skills:
 + Level 0.4 Fighting
 + Level 0.2 Polearms
 + Level 2.3 Dodging
 + Level 2.4 Stealth
 + Level 3.5 Spellcasting
 - Level 1.5 Conjurations
 + Level 7.3 Air Magic


You had 11 spell levels left.
You knew the following spells:

 Your Spells              Type           Power      Damage    Failure   Level
a - Shock                 Conj/Air       76%        1d7       2%          1

Your spell library contained the following spells:

 Spells                   Type           Power      Damage    Failure   Level
 Swiftness                Air            29%        N/A       2%          3
 Static Discharge         Conj/Air       38%        2-4/arc   3%          2
 Airstrike                Air            14%        2d(3-19)  8%          4
 Cigotuvi's Dreadful Rot  Necr/Pois/Air  24%        N/A       9%          2
 Necrotise                Necr           12%        1d4       16%         1
 Dispel Undead            Necr           3%         3d7       83%         4
 Death Channel            Necr           1%         N/A       100%        6


Dungeon Overview and Level Annotations

Branches:
Dungeon (4/15)
 Temple: D:4-7

Altars:
Trog
Xom


Innate Abilities, Weirdness & Mutations

You have a beak for a mouth.
You have claws for feet.
Your magical nature lets you fly swiftly and evasively.


Message History

Aiming: Shock (safe; 2% risk of failure)
Press: ? - help, Shift-Dir - straight line, f - orc priest, p - orc priest
Aim: an orc priest, wielding a +0 hand axe (71% to hit)
The zap hits the orc wizard.
You kill the orc wizard!
The zap hits the orc wizard.
The orc wizard is lightly wounded.
The zap hits the orc priest.
The orc priest is almost dead.
The zap hits the orc priest.
The orc priest is lightly wounded.
The zap hits the orc priest.
The orc priest is heavily wounded.
The orc priest calls down the wrath of Beogh upon you.
Beogh smites you!
Your Air Magic skill increases to level 7!
You have reached level 6!
Casting: Shock (safe; 2% risk of failure)
Confirm with . or Enter, or press ? or * to list all spells.
Aiming: Shock (safe; 2% risk of failure)
Press: ? - help, Shift-Dir - straight line, f/p - orc priest
Aim: an orc priest, wielding a +0 hand axe (heavily wounded, 71% to hit)
The zap hits the orc wizard.
The orc wizard is lightly wounded.
The zap hits the orc priest.
The orc priest is almost dead.
The zap hits the orc priest.
The orc priest is almost dead.
The zap hits the orc priest!
You kill the orc priest!
The orc priest looks encouraged for a moment.
Casting: Shock (safe; 2% risk of failure)
Confirm with . or Enter, or press ? or * to list all spells.
Aiming: Shock (safe; 2% risk of failure)
Press: ? - help, Shift-Dir - straight line, f - orc wizard
Aim: an orc wizard, wielding a +0 dagger and wearing a +0 robe (lightly wounded, 64% to hit)
The zap misses the orc wizard.
The zap misses the orc priest.
The orc wizard points at you and mumbles some strange words.
The puff of flame hits you!
You die...

.#####.######+##+##.
#......#....................
#......#.#####..............
#...... ..#..............
#...... #.#...>..........
#...... #.#.............#
#...... #.#.............#
#......#####.#..####......##
#)o..o@.#.## #...####
#.#####.#.# #.###
#.#...#.#.# ###
oo#.#.#.#.######..
...#.#.#.#.........
....#.#...#.#.......
...#.#.#####.#...#...
#...#.#...........+ .
#.....#.#####.....###


You could see an orc priest and an orc wizard.

Vanquished Creatures
  2 jellies (D:2)
  An orc priest (D:4)
  An iguana (D:4)
  An orc wizard (D:4)
  4 adders
  4 worms
  A dart slug (D:1)
  4 bats
  13 endoplasms
  3 giant cockroaches (D:3)
  5 goblins
  6 hobgoblins
  9 kobolds
  4 quokkas
  4 ball pythons
  10 rats
72 creatures vanquished.

Notes
Turn   | Place    | Note
-------+----------+-------------------------------------------
     0 | D:1      | randomguy2701 the Tengu Air Elementalist began the quest
                  | for the Orb.
     0 | D:1      | Reached XP level 1. HP: 10/10 MP: 4/4
   407 | D:1      | Reached XP level 2. HP: 15/15 MP: 3/6
  1450 | D:2      | Reached XP level 3. HP: 17/19 MP: 0/7
  1662 | D:2      | Reached skill level 5 in Air Magic
  1963 | D:2      | Found a shimmering altar of Xom.
  1969 | D:2      | Reached XP level 4. HP: 24/24 MP: 2/8
  2339 | D:2      | Found a faded altar of an unknown god.
  2378 | D:2      | Got Plato's Vellum of the Crypt
  2486 | D:2      | Found Iplu's General Store.
  2718 | D:2      | Reached skill level 6 in Air Magic
  2718 | D:2      | Gained mutation: Your magical nature lets you fly swiftly
                  | and evasively. [Tengu growth]
  2718 | D:2      | Reached XP level 5. HP: 15/28 MP: 3/10
  3133 | D:3      | Found a bloodstained altar of Trog.
  3972 | D:4      | Reached skill level 7 in Air Magic
  3972 | D:4      | Reached XP level 6. HP: 12/33 MP: 3/12
  3973 | D:4      | Killed from afar by an orc wizard

Illustrated notes

Levels and vault maps discovered:
D:1:      tarquinn_simple_flora_water_d, layout_loops_corners, nicolae_wormholes
D:2:      cheibrodos_fertilizer, layout_basic, basic_altar,
          shapermc_ecumenical_altar_rom_forum, serial_shops,
          nicolae_shop_behind_doors
D:3:      layout_loops_cross, nicolae_overflow_crystal_walls
D:4:      kennysheep_spiral_hall, layout_gridville, roderic_lattice_a

Skill      XL: |  1  2  3  4  5 |
---------------+----------------+-----
Air Magic      | 5 6 7 |  7.3
Spellcasting   | 3 |  3.5
Fighting       | |  0.4
Polearms       | |  0.2
Dodging        | |  2.3
Stealth        | |  2.4
Conjurations   | |  1.5

Action                     |  1- 3 |  4- 6 || total
---------------------------+-------+-------++-------
  Melee: Spear             |     6 |     2 ||     8
         Peck              |     1 |     1 ||     2
   Cast: Shock             |    82 |   116 ||   198
 Armour: Robe              |     1 |     1 ||     2
  Dodge: Dodged            |    13 |    11 ||    24

Table legend: (Time is in decaauts)
 A = Elapsed time spent in this place.
 B = Non-inter-level travel time spent in this place.
 C = Inter-level travel time spent in this place.
 D = Time resting spent in this place.
 E = Time spent auto-exploring this place.
 F = Levels seen in this place.
 G = Mean time per level.
                   A        B        C        D        E       F      G
               +--------+--------+--------+--------+--------+-----+--------+
         Total |   3901 |   3644 |    257 |     78 |   3197 |   4 |  975.2 |
       Dungeon |   3901 |   3644 |    257 |     78 |   3197 |   4 |  975.2 |
               +--------+--------+--------+--------+--------+-----+--------+

Top non-repeatable levels by time:
     D:2: 1542 daAuts
     D:1: 1377 daAuts
     D:3: 724 daAuts
     D:4: 257 daAuts
